 Dungeon Crawl Stone Soup version 0.17.0-28-g6e173f8 (console) character file.

233 Kloppie the Covered (level 5, 0/45 HPs)
             Began as a Minotaur Fighter on Nov 29, 2015.
             Slain by Robin
             ... wielding a +0 spear
              (3 damage)
             ... on level 4 of the Dungeon.
             The game lasted 00:03:36 (2404 turns).

Kloppie the Covered (Minotaur Fighter)              Turns: 2404, Time: 00:03:36

Health: 0/45       AC:  7    Str: 20    XL:     5   Next: 75%
Magic:  4/4        EV:  7    Int:  5    God:
Gold:   81         SH:  9    Dex: 11    Spells: 0 memorised, 4 levels left

rFire  . . .     SeeInvis .     a - +0 war axe
rCold  . . .     Clarity  .     b - +0 scale mail
rNeg   . . .     SustAt   .     c - +0 shield
rPois  .         Gourm    .     (helmet restricted)
rElec  .         Spirit   .     (no cloak)
rCorr  .         Warding  .     (no gloves)
rMut   .         Stasis   .     (no boots)
MR     .....                    (no amulet)
Stlth  ..........               (no ring)
                                (no ring)

@: lethally poisoned (0 -> -2), not resistant to hostile enchantments, extremely
unstealthy
A: retaliatory headbutt, horns 2
a: no special abilities


You were on level 4 of the Dungeon.
You were not hungry.

You visited 1 branch of the dungeon, and saw 4 of its levels.

You collected 81 gold pieces.

Inventory:

Hand Weapons
 a - a +0 war axe (weapon)
Armour
 b - a +0 scale mail (worn)
 c - a +0 shield (worn)
Jewellery
 l - a cursed -3 ring of protection {unknown}
Scrolls
 g - 4 scrolls of identify {unknown}
 h - a scroll of teleportation {unknown}
 k - a scroll of enchant armour {unknown}
 q - a scroll of magic mapping {unknown}
 r - a scroll of blinking {unknown}
Potions
 d - a potion of might
 f - a potion of cancellation {unknown}
 m - a potion of berserk rage
 o - a potion of curing {unknown}
 p - a potion of invisibility {unknown}
 s - a potion of poison {unknown}
 t - a potion of agility {unknown}
Comestibles
 e - 2 bread rations
 i - 2 meat rations
 j - a slice of pizza
 n - a royal jelly
 u - 3 chunks of flesh


   Skills:
 - Level 3.6 Fighting
 + Level 5.3 Axes
 + Level 6.1 Armour
 - Level 3.6 Shields


You had 4 spell levels left.
You didn't know any spells.

Dungeon Overview and Level Annotations

Branches:
Dungeon (4/15)
 Temple: D:4-7

Altars:
Qazlal
Xom

Annotations:
D:4 Robin


Innate Abilities, Weirdness & Mutations

You reflexively headbutt those who attack you in melee.
You have a pair of horns on your head.


Message History

Robin hits you with a spear.
* * * LOW HITPOINT WARNING * * *
Robin hits you with a spear.
* * * LOW HITPOINT WARNING * * *
A goblin comes into view.
Your shield and scale mail prevent you from hitting Robin.
Your headbutt misses Robin.
Robin is moderately wounded.
You feel sick. You block Robin's attack. Robin hits you but does no damage.
A goblin comes into view.
You barely miss Robin.
Robin is moderately wounded.
Robin hits you with a spear.
* * * LOW HITPOINT WARNING * * *
Robin hits you with a spear.
* * * LOW HITPOINT WARNING * * *
You hit Robin. You headbutt Robin.
Robin is heavily wounded.
Robin hits you with a spear.
You die...

# .#. ... ##.# #.# ##.#.#
.....######.#.##.#.#
#.?........#.##.#.#### #
.........)†g..##.#.#<..#.
.........).g####.#.#.##.#
##.#.######g# #.#.#.##.#
..... #g# #.#.#.##.# ....
#@# #.#.#.##.# ...
#.####.#.#.##.# ...
#.............#
########.##..## #.##..#
#.##..# ..##..####.
####....... ##.#####


You could see Robin (berserk) and 3 goblins.

Vanquished Creatures
  An orc priest (D:3)
  A hound (D:4)
  2 orc wizards (D:3)
  A hound skeleton (D:4)
  3 adders
  An ooze (D:1)
  5 worms
  3 giant geckos
  3 orcs
  8 bats
  10 goblins
  10 hobgoblins
  4 jackals
  A quokka (D:2)
  A ball python (D:1)
  A giant cockroach (D:2)
  A giant newt (D:2)
  3 kobolds
  7 rats
66 creatures vanquished.

Notes
Turn   | Place    | Note
--------------------------------------------------------------
     0 | D:1      | Kloppie the Minotaur Fighter began the quest for the Orb.
     0 | D:1      | Reached XP level 1. HP: 19/19 MP: 0/0
   243 | D:1      | Reached skill level 4 in Armour
   257 | D:1      | Reached XP level 2. HP: 26/26 MP: 1/1
   788 | D:2      | Reached XP level 3. HP: 23/31 MP: 2/2
  1239 | D:2      | Found a stormy altar of Qazlal.
  1549 | D:2      | Reached skill level 5 in Armour
  1549 | D:2      | Reached XP level 4. HP: 15/39 MP: 3/3
  1888 | D:3      | Reached XP level 5. HP: 40/45 MP: 4/4
  1899 | D:3      | Reached skill level 5 in Axes
  2069 | D:3      | Found a shimmering altar of Xom.
  2113 | D:3      | Noticed an ogre
  2362 | D:4      | Reached skill level 6 in Armour
  2388 | D:4      | Noticed Robin
  2404 | D:4      | Slain by Robin

Action                   |  1- 3 |  4- 6 || total
-------------------------+-------+-------++-------
Melee: War axe           |    89 |    66 ||   155
  Eat: Chunk             |     2 |     3 ||     5
